 Dungeon Crawl Stone Soup version 0.29-a0-284-gf9362112df (webtiles) character file.

Game seed: 12790220127443294667

58 sammy202020 the Chopper (level 3, -3/31 HPs)
             Began as a Palentonga Berserker on Mar 30, 2022.
             Was a Follower of Trog.
             Slain by Crazy Yiuf
             ... wielding a +3 quarterstaff of chaos
              (12 damage)
             ... on level 2 of the Dungeon.
             The game lasted 00:02:11 (1945 turns).

sammy202020 the Chopper (Palentonga Berserker)      Turns: 1945, Time: 00:02:12

Health: -3/31      AC: 11    Str: 20    XL:     3   Next: 75%
Magic:  0/3        EV:  8    Int:  9    God:    Trog [*.....]
Gold:   63         SH:  0    Dex:  9    Spells: 2/2 levels left

rFire   . . .      SeeInvis +   a - +0 hand axe
rCold   . . .      Faith    .   (no shield)
rNeg    . . .      Spirit   +   m - +0 scale mail
rPois   .          Reflect  .   i - +1 helmet
rElec   .          Harm     .   e - +2 cloak
rCorr   .          Rampage  .   (no gloves)
Will    .....                   (no barding)
Stlth   ..........              b - amulet of guardian spirit
HPRegen 0.10/turn               (no ring)
MPRegen 0.08/turn               (no ring)

@: no status effects
A: large, rugged brown scales 3, see invisible, deformed body, roll 1, armoured
tail
a: Rolling Charge, Renounce Religion, Berserk


You were on level 2 of the Dungeon.
You worshipped Trog.
Trog was aware of your devotion.
You visited 1 branch of the dungeon, and saw 2 of its levels.

You collected 63 gold pieces.

Inventory:

Hand Weapons
 a - a +0 hand axe (weapon)
Armour
 e - a +2 cloak (worn)
 i - a +1 helmet (worn)
 m - a +0 scale mail (worn)
Jewellery
 b - an amulet of guardian spirit (around neck)
 j - a ring of see invisible
Scrolls
 c - a scroll of teleportation {unknown}
 g - 4 scrolls of identify {unknown}
 k - a scroll of magic mapping {unknown}
Potions
 f - a potion of curing {unknown}
 h - a potion of berserk rage {unknown}
 l - a potion of magic {unknown}


   Skills:
 * Level 3.4 Fighting
 * Level 3.6 Axes
 * Level 2.3 Armour
 + Level 1.8 Dodging


You had 2 spell levels left.
You didn't know any spells.
Your spell library was empty.

Dungeon Overview and Level Annotations

Branches:
Dungeon (2/15)

Altars:

Annotations:
D:2 Crazy Yiuf


Innate Abilities, Weirdness & Mutations

You are completely covered in rugged brown scales. (AC +3, +7% HP)
You have supernaturally acute eyesight. (SInv)
Armour fits poorly on your strangely shaped body.
You can roll at nearby foes to attack.
You have a long armoured tail.


Message History

You continue putting on your +0 scale mail. x5
You finish putting on your +0 scale mail.
You drop a +0 ring mail.
You start putting on your amulet.
You continue putting on your amulet of guardian spirit. x5
You finish putting on your amulet of guardian spirit.
You feel your power drawn to a protective spirit.
b - an amulet of guardian spirit (around neck)
You now have 63 gold pieces (gained 8).
There is a stone staircase leading down here.
There is a stone staircase leading down here.
You see here a +0 robe.
Found a leather armour.
You see here a +0 leather armour.
You see here a +0 leather armour.
Found a mace.
Found a runed translucent door.
Crazy Yiuf shouts!
Crazy Yiuf cries, "Shadow arm Hive!"
g - 4 scrolls labelled TAXTOU CECATU (gained 1)
You see here a +0 leather armour.
You open the door.
Crazy Yiuf says, "Line!"
You barely miss Crazy Yiuf.
Crazy Yiuf yells, "Citrus snockshim tired!"
Crazy Yiuf hits you with a +3 quarterstaff of chaos!
Crazy Yiuf burns you.
You closely miss Crazy Yiuf.
Your tail-slap misses Crazy Yiuf.
Crazy Yiuf hits you with a +3 quarterstaff of chaos.
You hit Crazy Yiuf but do no damage.
Crazy Yiuf hits you with a +3 quarterstaff of chaos.
You fail to use your ability.
Crazy Yiuf hits you but does no damage.
You hit Crazy Yiuf. You tail-slap Crazy Yiuf!
Crazy Yiuf is severely wounded.
Crazy Yiuf hits you with a +3 quarterstaff of chaos!
Crazy Yiuf freezes you.
* * * LOW HITPOINT WARNING * * *
You hit Crazy Yiuf.
Crazy Yiuf is almost dead.
Crazy Yiuf hits you with a +3 quarterstaff of chaos!
You die...

....).#..#####....#
#.####...... ..)).......#
#....# #...........
..[....).### #P.PP#
#........... .......#.###
#..P## #####.......
...........# ##.##
#...#..... .......#.###
#.## ###.........
......##.### ##.#
#...##...... ...........#
#.## #.#.#.......
.##........# ##@#
#.>.#....... .##........#
#g# #..##.....[.
###........# ...
#........... #........#
#...# #.<.......##
#........# #..)#
#.....###### #######..#
##### #.....# ##...#
#.....#
###..#.###########.....#
##......................#


You could see Crazy Yiuf.

Vanquished Creatures
  3 adders (D:2)
  4 ball pythons (D:1)
  2 endoplasms
  4 goblins
  2 hobgoblins
  3 kobolds
  4 quokkas (D:1)
  3 bats
  2 frilled lizards
  3 rats
30 creatures vanquished.

Notes
Turn   | Place    | Note
-------+----------+-------------------------------------------
     0 | D:1      | sammy202020 the Palentonga Berserker began the quest for
                  | the Orb.
     0 | D:1      | Reached XP level 1. HP: 19/19 MP: 1/1
   288 | D:1      | Reached XP level 2. HP: 25/25 MP: 2/2
   685 | D:1      | Found a faded altar of an unknown god.
  1398 | D:2      | Reached XP level 3. HP: 16/31 MP: 3/3
  1839 | D:2      | Found a runed translucent door.
  1840 | D:2      | Noticed Crazy Yiuf
  1945 | D:2      | Slain by Crazy Yiuf

Illustrated notes

Levels and vault maps discovered:
D:1:      wander_arrival_abandoned_jail, layout_basic,
          shapermc_ecumenical_altar_notcrosses
D:2:      layout_rooms, uniq_crazy_yiuf_cottage

Skill      XL: |  1  2 |
---------------+-------+-----
Armour         | 2 |  2.3
Fighting       | |  3.4
Axes           | |  3.6
Dodging        | |  1.8

Action                   || total
-------------------------++-------
Melee: Hand axe          ||   102
       Tailslap          ||     9
       Punch             ||     1
Invok: Berserk           ||     1
 Abil: Rolling Charge    ||     6
  Use: Potion            ||     1
Armor: Animal skin       ||    60
       Ring mail         ||     2
       Scale mail        ||     1
Dodge: Dodged            ||    56

Table legend: (Time is in decaauts)
 A = Elapsed time spent in this place.
 B = Non-inter-level travel time spent in this place.
 C = Inter-level travel time spent in this place.
 D = Time resting spent in this place.
 E = Time spent auto-exploring this place.
 F = Levels seen in this place.
 G = Mean time per level.
                   A        B        C        D        E       F      G
               +--------+--------+--------+--------+--------+-----+--------+
         Total |   1971 |   1890 |     81 |    263 |   1309 |   2 |  985.5 |
       Dungeon |   1971 |   1890 |     81 |    263 |   1309 |   2 |  985.5 |
               +--------+--------+--------+--------+--------+-----+--------+

Top non-repeatable levels by time:
     D:1: 1153 daAuts
     D:2: 818 daAuts
